 Dungeon Crawl Stone Soup version 0.24.0-13-gcf9b319 (webtiles) character file.

Game seed: 15487547333751243075, levelgen mode: deterministic

8420 bobot the Geomancer (level 11, -4/68 HPs)
             Began as a Gargoyle Earth Elementalist on Dec 21, 2019.
             Was a Priest of Vehumet.
             Slain by a freezing wraith (5 damage)
             ... led by a death knight
             ... on level 10 of the Dungeon.
             The game lasted 00:30:21 (11498 turns).

bobot the Geomancer (Gargoyle Earth Elementalist)  Turns: 11498, Time: 00:30:22

Health: -4/68      AC: 20    Str: 13    XL:     11   Next: 30%
Magic:  17/23      EV: 15    Int: 18    God:    Vehumet [***...]
Gold:   687        SH:  0    Dex: 10    Spells: 17/26 levels left

rFire    + . .     SeeInvis .   J - +7 lajatang of Order {silver, rMut}
rCold    . . .     Gourm    +   (shield currently unavailable)
rNeg     + . .     Faith    .   G - +2 robe {rF+}
rPois    ∞         Spirit   .   (no helmet)
rElec    +         Reflect  .   v - +1 cloak
rCorr    .         Harm     .   A - +2 pair of gloves
rMut     +                      p - +0 pair of boots
MR       +....                  k - amulet of the gourmand
Stlth    ++........             i - +2 ring of protection
HPRegen  0.21/turn              B - ring of protection from magic
MPRegen  0.18/turn

@: slowed, very slow
A: negative energy resistance 1, electricity resistance, unbreathing,
petrification resistance, rot immunity, AC +8
a: Renounce Religion


You were on level 10 of the Dungeon.
You worshipped Vehumet.
Vehumet was most pleased with you.
You were very full.

You visited 2 branches of the dungeon, and saw 12 of its levels.

You collected 687 gold pieces.

Inventory:

Hand Weapons
 e - a +3 dagger of protection
 J - the +7 lajatang of Order (weapon) {silver, rMut}
   (You found it on level 9 of the Dungeon)

   It protects you from mutation.
Missiles
 b - 500 stones (quivered)
Armour
 p - a +0 pair of boots (worn)
 v - a +1 cloak (worn)
 A - a +2 pair of gloves (worn)
 G - a +2 robe of fire resistance (worn)
Magical Staves
 D - an uncursed staff of cold
Jewellery
 i - a +2 ring of protection (left hand)
 j - an uncursed ring of stealth
 k - an amulet of the gourmand (around neck)
 l - an uncursed amulet of regeneration
 t - a +3 ring of dexterity
 B - a ring of protection from magic (right hand)
 M - a cursed ring of attention {unknown}
 O - an uncursed ring of wizardry {unknown}
Wands
 o - a wand of enslavement (12)
 u - a wand of acid (3)
 w - a wand of digging (13)
 x - a wand of iceblast (20)
 y - a wand of disintegration (12)
 C - a wand of scattershot (2)
 P - a wand of random effects (13)
Scrolls
 f - 4 scrolls of remove curse
 h - 4 scrolls of amnesia
 q - 4 scrolls of identify
 r - a scroll of teleportation
 E - a scroll of fear
 L - a scroll of summoning {unknown}
 N - a scroll of magic mapping
Potions
 a - 5 potions of curing
 c - a potion of ambrosia {unknown}
 g - a potion of mutation
 m - 2 potions of brilliance
 n - 2 potions of flight
 s - 3 potions of heal wounds
 z - 3 potions of agility
 F - a potion of invisibility {unknown}
 H - 2 potions of resistance {unknown}
 I - a potion of lignification {unknown}
 K - a potion of degeneration {unknown}
 Q - a potion of berserk rage {unknown}
Comestibles
 d - 22 rations


   Skills:
 - Level 8.1 Fighting
 - Level 8.0 Dodging
 - Level 2.1 Stealth
 - Level 8.0 Spellcasting
   Level 0.7 Transmutations
 + Level 11.5 Earth Magic


You had 17 spell levels left.
You knew the following spells:

 Your Spells              Type           Power        Failure   Level  Hunger
a - Sandblast             Erth           #####.       1%          1    None
c - Lee's Rapid Deconstr  Erth           #####.....   1%          5    #####..
q - Stone Arrow           Conj/Erth      ####..       1%          3    #......

Your spell library contained the following spells:

 Spells                   Type           Power        Failure   Level  Hunger
 Mephitic Cloud           Conj/Pois/Air  #.......     8%          3    #......
 Passwall                 Tmut/Erth      ####....     1%          2    None
 Petrify                  Tmut/Erth      ####....     8%          4    ###....
 Animate Skeleton         Necr           N/A          10%         1    None
 Confusing Touch          Hex            #.....       10%         1    None
 Pain                     Necr           #...         10%         1    None
 Confuse                  Hex            #.......     28%         3    #......
 Gell's Gravitas          Tloc           #.........   28%         3    #......
 Regeneration             Chrm/Necr      #.........   28%         3    #......
 Vampiric Draining        Necr           #.........   28%         3    #......
 Yara's Violent Unravell  Hex/Tmut       #.........   50%         5    #####..
 Animate Dead             Necr           N/A          67%         4    ###....
 Metabolic Englaciation   Hex/Ice        #.........   95%         5    #####..


Dungeon Overview and Level Annotations

Branches:
Dungeon (11/15)            Temple (1/1) D:6
   Lair: D:8-11         Orc: D:9-12

Altars:
Ashenzari
Cheibriados
Dithmenos
Elyvilon
Fedhas
Gozag
Hepliaklqana
Kikubaaqudgha
Makhleb
Nemelex Xobeh
Okawaru
Qazlal
Ru
Sif Muna
Trog
Uskayaw
Vehumet
Wu Jian
Xom
Yredelemnul
Zin
The Shining One

Shops:
D:4 (


Innate Abilities, Weirdness & Mutations

You are resistant to torment.
Your stone body is resilient. (AC +8)
You are immune to poison.
You resist negative energy. (rN+)
You are resistant to electric shocks. (rElec)
You can survive without breathing.
You are immune to petrification.
You are immune to rotting.


Message History

The freezing wraith is moderately damaged.
b - 501 stones The freezing wraith barely misses you.
The freezing wraith hits you. The freezing wraith drains your vigour!
You feel yourself slow down.
Casting: Sandblast (safe; 1% risk of failure)
Confirm with . or Enter, or press ? or * to list all spells.
Aiming: Sandblast (safe; 1% risk of failure)
Press: ? - help, Shift-Dir - straight line, f/p - freezing wraith
Aim: a freezing wraith (moderately damaged)
The blast of sand hits the freezing wraith but does no damage.
The freezing wraith is moderately damaged.
b - 500 stones The freezing wraith hits you!
The freezing wraith freezes you!!
* * * LOW HITPOINT WARNING * * *
The freezing wraith hits you but does no damage.
The freezing wraith closely misses you.
The freezing wraith hits you but does no damage.
Unknown command.
The freezing wraith hits you.
You die...

.....# #....### #........#
.....# ##......##
##.......# ...#.#
#........## ###.....# ###
...#.###.........## ##.#..#
#.. ..###.#...........#
###..###.8 ..#
#.#...........## ##..##..
### #..............##
#...... #<..............#
#..#... ##..........@...##
#..#... #
##..........W....# #..##..
### #...........>....##
##..##. ..#
#.................# #..##.
..####...............##
#..### ...#
##.#............## #...##
..##
#.####..........######...##
..# #.##
##########.##8.8#...#. ..#
###.# #.#........#.


You could see a freezing wraith.

Vanquished Creatures
  A two-headed ogre (D:10)
  Pikel (D:9)
  Joseph (D:7)
  A gargoyle (D:10)
  A yaktaur (D:9)
  A hippogriff (D:7)
  Sigmund (D:4)
  A spriggan (D:9)
  A wyvern (D:9)
  2 hungry ghosts
  A water moccasin (D:10)
  3 orc warriors
  A sky beast (D:7)
  4 slaves (D:9)
  2 ice beasts
  2 black bears
  A phantom (D:5)
  An eye of draining (D:10)
  A necrophage (D:10)
  5 ogres
  4 centaurs
  A big kobold (D:10)
  12 bullfrogs
  2 scorpions
  16 killer bees
  4 wights (D:7)
  A jelly (D:9)
  3 crimson imps
  A bullfrog zombie (D:5)
  4 centaur zombies
  7 orc priests
  9 hounds
  10 orc wizards
  4 iguanas
  Natasha (D:2)
  7 worker ants
  A hound zombie (D:6)
  2 hound skeletons
  A worker ant zombie (D:9)
  A howler monkey skeleton (D:10)
  11 adders
  A shadow imp (D:6)
  An ooze (D:1)
  5 adder zombies
  2 adder skeletons
  A worm (D:3)
  3 dart slugs
  4 leopard geckos
  42 orcs
  10 bats
  6 giant cockroaches
  10 hobgoblins
  12 jackals
  3 quokkas
  3 ball pythons
  3 frilled lizards
  8 goblins
  A jackal zombie (D:8)
  20 kobolds
  A quokka skeleton (D:6)
  8 rats
278 creatures vanquished.

Vanquished Creatures (others)
  A quokka skeleton (D:5)
1 creature vanquished.

Grand Total: 279 creatures vanquished

Notes
Turn   | Place    | Note
-------+----------+-------------------------------------------
     0 | D:1      | bobot the Gargoyle Earth Elementalist began the quest for
                  | the Orb.
     0 | D:1      | Reached XP level 1. HP: 10/10 MP: 3/3
    97 | D:1      | Reached skill level 4 in Earth Magic
   348 | D:1      | Reached XP level 2. HP: 6/15 MP: 5/5
   879 | D:1      | Reached XP level 3. HP: 19/19 MP: 6/6
  1439 | D:2      | Reached skill level 5 in Earth Magic
  1544 | D:2      | Noticed a bullfrog
  1551 | D:2      | Killed a bullfrog
  1551 | D:2      | Reached XP level 4. HP: 17/24 MP: 1/8
  1630 | D:2      | Reached XP level 5. HP: 27/28 MP: 9/9
  1888 | D:2      | Noticed Natasha
  1893 | D:2      | Killed Natasha
  1893 | D:2      | Reached skill level 6 in Earth Magic
  2382 | D:3      | Reached XP level 6. HP: 32/32 MP: 7/11
  3086 | D:4      | Reached skill level 7 in Earth Magic
  3187 | D:4      | Reached XP level 7. HP: 36/36 MP: 9/14
  3391 | D:4      | Found Paprash's Antique Weapon Shop.
  3621 | D:4      | Noticed Sigmund
  3653 | D:4      | Killed Sigmund
  3653 | D:4      | Reached skill level 5 in Spellcasting
  3767 | D:5      | Entered Level 5 of the Dungeon
  3864 | D:5      | Reached skill level 8 in Earth Magic
  3984 | D:5      | Reached XP level 8. HP: 36/41 MP: 13/16
  4037 | D:5      | Found a stormy altar of Qazlal.
  4210 | D:5      | Found a hazy altar of Hepliaklqana.
  4515 | D:5      | You fall into a shaft and drop 1 floor!
  4545 | D:6      | Reached skill level 9 in Earth Magic
  4629 | D:5      | Found a shadowy altar of Dithmenos.
  4630 | D:5      | Found a stormy altar of Qazlal.
  4630 | D:5      | Found a bloodstained altar of Trog.
  4630 | D:5      | Found a white marble altar of Elyvilon.
  4633 | D:5      | Found a basalt altar of Yredelemnul.
  4635 | D:5      | Found an ancient bone altar of Kikubaaqudgha.
  5152 | D:6      | Found a staircase to the Ecumenical Temple.
  5187 | Temple   | Entered the Ecumenical Temple
  5216 | Temple   | Became a worshipper of Vehumet
  5704 | D:6      | Found a shimmering blue altar of Sif Muna.
  5722 | D:6      | Reached skill level 10 in Earth Magic
  5901 | D:7      | Found a white marble altar of Elyvilon.
  5920 | D:7      | Reached XP level 9. HP: 42/45 MP: 20/20
  6078 | D:7      | Learned a level 3 spell: Stone Arrow
  6084 | D:7      | Learned a level 5 spell: Lee's Rapid Deconstruction
  6322 | D:7      | Reached skill level 1 in Fighting
  6732 | D:7      | Reached * piety under Vehumet
  6732 | D:7      | Offered knowledge of Magic Dart by Vehumet.
  7270 | D:7      | Noticed Joseph
  7279 | D:7      | Killed Joseph
  7279 | D:7      | Reached skill level 5 in Dodging
  7827 | D:8      | Reached XP level 10. HP: 56/56 MP: 20/22
  8197 | D:8      | Offered knowledge of Sting by Vehumet.
  8197 | D:8      | Reached ** piety under Vehumet
  9015 | D:9      | Noticed Pikel
  9059 | D:9      | Killed Pikel
  9374 | D:9      | Found the +7 lajatang of Order {silver, rMut}
  9863 | D:9      | Reached skill level 5 in Fighting
 10030 | D:10     | Entered Level 10 of the Dungeon
 10048 | D:10     | Noticed a gargoyle
 10062 | D:10     | Killed a gargoyle
 10508 | D:10     | Reached XP level 11. HP: 67/67 MP: 17/23
 10511 | D:10     | Offered knowledge of Mephitic Cloud by Vehumet.
 10643 | D:10     | Reached *** piety under Vehumet
 11044 | D:10     | Reached skill level 11 in Earth Magic
 11082 | D:10     | Noticed a two-headed ogre
 11108 | D:10     | Killed a two-headed ogre
 11146 | D:10     | Noticed a brown ugly thing
 11485 | D:11     | Noticed a death knight
 11485 | D:11     | Noticed a phantasmal warrior
 11486 | D:11     | Noticed a skeletal warrior
 11496 | D:10     | HP: 1/68 [freezing wraith[a death knight] (22)]
 11498 | D:10     | Slain by a freezing wraith

Levels and vault maps discovered:
D:1:      mainiacjoe_arrival_reflecting_pool, layout_loops_ring,
          hangedman_decor_clover_reticule
D:2:      layout_loops_corners, uniq_natasha
D:3:      layout_rooms, first_ration
D:4:      layout_basic, serial_shops, nicolae_shop_stone, uniq_sigmund
D:5:      kennysheep_big_flooded_room, layout_basic, minitemple,
          grunt_qazlal_clouds
D:6:      kennysheep_orc_sif_temple, layout_basic,
          minmay_temple_entry_junction_2
D:7:      minmay_octagon_keep, layout_basic, elyvilon_altar_5, uniq_joseph
D:8:      layout_cave_pods
D:9:      layout_irregular_city, grunt_pizzeria, kb_lookout_dungeons_type,
          minmay_misc_feat_rugged, minmay_sticks_and_stones, uniq_pikel
D:10:     layout_cave_pods, serial_column_ruins, column_ruins_circle_small,
          column_ruins_grid_1, column_ruins_grid_3,
          column_ruins_corridor_straight
D:11:     layout_roguey, lair_entry_dummy, erik_orc_1, nicolae_benzene_ring,
          grunt_ministairs_11, minmay_tree_intersection
Temple:   eino_wide_crystal_templ

Skill      XL: |  1  2  3  4  5  6  7  8  9 10 11 |
---------------+----------------------------------+-----
Earth Magic    | 4 5 6 7 8 10 11 | 11.5
Spellcasting   | 3 4 5 7 8 |  8.0
Dodging        | 5 8 |  8.0
Fighting       | 3 7 8 |  8.1
Stealth        | |  2.1
Transmutations | |  0.7

Action                   |  1- 3 |  4- 6 |  7- 9 | 10-12 || total
-------------------------+-------+-------+-------+-------++-------
Melee: Club              |    84 |       |       |       ||    84
       Dagger            |    42 |   211 |   408 |   114 ||   775
       Short sword       |    10 |       |       |       ||    10
       Lajatang          |       |       |       |    54 ||    54
 Cast: Sandblast         |    15 |    35 |    78 |    76 ||   204
       Lee's Rapid Decon |       |       |     1 |    29 ||    30
       Stone Arrow       |       |       |       |     2 ||     2
  Use: Scroll            |       |    12 |     3 |     4 ||    19
 Stab: Sleeping          |     4 |     2 |     3 |     1 ||    10
  Eat: Chunk             |     2 |     6 |    32 |    18 ||    58
Armor: Robe              |    66 |    86 |   241 |   111 ||   504
Dodge: Dodged            |   121 |   116 |   318 |   237 ||   792
